 Dungeon Crawl Stone Soup version 0.30-a0-292-g0f741e3f8e (webtiles) character file.

Game seed: 9840402902488151696

304 droidtality the Chopper (level 6, 0/48 HPs)
             Began as a Demonspawn Fighter on Oct 17, 2022.
             Slain by an ogre
             ... wielding a +0 giant club
              (7 damage)
             ... on level 5 of the Dungeon.
             The game lasted 00:04:38 (3382 turns).

droidtality the Chopper (Demonspawn Fighter)        Turns: 3382, Time: 00:04:39

Health: 0/48       AC:  6    Str: 19    XL:     6   Next: 15%
Magic:  6/6        EV: 14    Int:  9    God:
Gold:   201        SH:  4    Dex: 12    Spells: 5/5 levels left

rFire   . . .      SeeInvis +    a - +0 war axe
rCold   . . .      Faith    .    c - +0 buckler
rNeg    . . .      Spirit   .    b - +0 scale mail
rPois   .          Reflect  .    (no helmet)
rElec   .          Harm     .    (no cloak)
rCorr   .          Rampage  .    (no gloves)
Will    .....                    (no boots)
Stlth   ..........               (no amulet)
HPRegen 0.28/turn                v - ring of see invisible
MPRegen 0.10/turn                (no ring)

@: mighty, agile, lethally poisoned (0 -> -8)
A: powered by pain 2, spiny 1
a: no special abilities


You were on level 5 of the Dungeon.
You visited 2 branches of the dungeon, and saw 6 of its levels.

You collected 201 gold pieces.

Inventory:

Hand Weapons
 a - a +0 war axe (weapon)
Armour
 b - a +0 scale mail (worn)
 c - a +0 buckler (worn)
Jewellery
 i - an amulet of faith
 v - a ring of see invisible (left hand)
 y - a ring of willpower
Wands
 t - a wand of flame (19)
Scrolls
 e - 2 scrolls of teleportation {unknown}
 g - 2 scrolls of identify {unknown}
 j - a scroll of magic mapping {unknown}
 k - 2 scrolls of butterflies {unknown}
 m - a scroll of vulnerability {unknown}
 n - a scroll of noise {unknown}
 q - a scroll of torment {unknown}
 u - a scroll of silence {unknown}
 w - a scroll of amnesia {unknown}
Potions
 d - a potion of might
 f - a potion of attraction {unknown}
 h - 2 potions of curing {unknown}
 l - a potion of magic {unknown}
 o - a potion of ambrosia {unknown}
 p - a potion of flight {unknown}
 r - a potion of resistance {unknown}
 s - 2 potions of heal wounds {unknown}
 x - a potion of degeneration {unknown}
 z - a potion of mutation {unknown}


   Skills:
 + Level 3.8 Fighting
 * Level 5.0 Axes
 + Level 3.2 Armour
 - Level 0.7 Dodging
 + Level 2.8 Shields


You had 5 spell levels left.
You didn't know any spells.
Your spell library contained the following spells:

 Spells                   Type           Power      Damage    Failure   Level
 Freeze                   Ice            0%         1d3       85%         1
 Magic Dart               Conj           0%         1d3       85%         1
 Blink                    Tloc           0%         N/A       94%         2
 Call Imp                 Summ           0%         N/A       94%         2
 Momentum Strike          Conj/Tloc      0%         3d8       94%         2
 Static Discharge         Conj/Air       0%         2-2/arc   94%         2
 Frozen Ramparts          Ice            0%         1d1       99%         3
 Hailstorm                Conj/Ice       0%         3d3       99%         3
 Lesser Beckoning         Tloc           0%         N/A       99%         3
 Mephitic Cloud           Conj/Pois/Air  0%         N/A       99%         3
 Vhi's Electric Charge    Tloc/Air       0%         N/A       99%         3
 Petrify                  Tmut/Erth      0%         N/A       100%        4
 Arcjolt                  Conj/Air       0%         1d10      100%        5
 Lightning Bolt           Conj/Air       0%         1d11      100%        5
 Metabolic Englaciation   Hex/Ice        0%         N/A       100%        5
 Statue Form              Tmut/Erth      0%         N/A       100%        6


Dungeon Overview and Level Annotations

Branches:
Dungeon (5/15)             Temple (1/1) D:4

Altars:
Ashenzari
Cheibriados
Dithmenos
Fedhas
Gozag
Hepliaklqana
Kikubaaqudgha
Makhleb
Nemelex Xobeh
Sif Muna
Trog
Uskayaw
Xom
Yredelemnul


Innate Abilities, Weirdness & Mutations

You sometimes gain power by taking damage.
You are partially covered in sharp spines.


Message History

The black bear bites you.
The black bear claws you but does no damage. x2
The hound pauses to sniff the ground.
The ufetubus closely misses you. You block the ufetubus's attack.
The black bear is struck by your spines.
The black bear completely misses you. You block the black bear's attack.
The black bear claws you but does no damage.
Unknown command.
You hit the black bear.
The black bear is severely wounded.
You barely miss the ufetubus. You slash the ogre!
The ufetubus hits you but does no damage. x2
The black bear bites you but does no damage.
The black bear completely misses you. The black bear barely misses you.
The ogre is struck by your spines. The ogre misses you.
The ufetubus completely misses you. The ufetubus hits you.
You slice the black bear!!
You kill the black bear!
You barely miss the ufetubus. You hit the ogre.
You block the ufetubus's attack. The ufetubus hits you.
The ogre hits you with a +0 giant club!!
Ouch! That really hurt!
* * * LOW HITPOINT WARNING * * *
You focus on the pain.
You feel agile all of a sudden. The ufetubus barely misses you.
The ufetubus hits you but does no damage.
The hound bites you but does no damage.
Your Axes skill increases to level 5!
You have reached level 6!
You slice the hound!!
You kill the hound!
You closely miss the ufetubus. You slash the ogre!
The ufetubus is struck by your spines. The ufetubus closely misses you.
The ufetubus barely misses you. The scorpion stings you.
* * * LOW HITPOINT WARNING * * *
You are lethally poisoned!
The scorpion poisons you! You block the ufetubus's attack.
The ufetubus barely misses you. The ogre hits you with a +0 giant club!
You die...

.#... ...... #.... .
+..... #.... ####.. .....
....###.....# .... .
#.#.........# #...
..##.##..5.$..$. #...
........@s..# #...
......#O###..... #...
.###....## ### ###+#..<
#....:..# #......#
#.......#### #.(....<
#..........### #.......
........####...###.......
....#....................
....#...................#


You could see an ogre, a scorpion and an ufetubus.

Vanquished Creatures
  A black bear (D:5)
  A howler monkey (D:5)
  A hound (D:5)
  4 gnolls (D:4)
  3 adders
  An ufetubus (D:5)
  5 worms
  2 orcs
  6 ball pythons
  2 bats
  8 endoplasms
  4 giant cockroaches
  10 goblins
  10 hobgoblins
  6 jackals (D:1)
  3 quokkas
  5 frilled lizards
  5 kobolds
  5 rats
82 creatures vanquished.

Notes
Turn   | Place    | Note
-------+----------+-------------------------------------------
     0 | D:1      | droidtality the Demonspawn Fighter began the quest for the
                  | Orb.
     0 | D:1      | Reached XP level 1. HP: 18/18 MP: 1/1
    62 | D:1      | Reached skill level 2 in Axes
   154 | D:1      | Gained mutation: You sometimes gain a little power by
                  | taking damage. [demonic ancestry]
   154 | D:1      | Reached XP level 2. HP: 21/24 MP: 2/2
   342 | D:1      | Gained mutation: You sometimes gain power by taking damage.
                  | [demonic ancestry]
   342 | D:1      | Reached XP level 3. HP: 23/29 MP: 3/3
   730 | D:2      | Reached skill level 3 in Axes
  1172 | D:2      | Found a faded altar of an unknown god.
  1189 | D:2      | Found a faded altar of an unknown god.
  1623 | D:3      | Found a shimmering altar of Xom.
  1636 | D:3      | Gained mutation: You are partially covered in sharp spines.
                  | [demonic ancestry]
  1636 | D:3      | Reached XP level 4. HP: 35/35 MP: 4/4
  2417 | D:4      | Noticed a scorpion
  2417 | D:4      | Noticed a scorpion
  2671 | D:4      | Reached skill level 4 in Axes
  2728 | D:4      | Reached XP level 5. HP: 41/41 MP: 5/5
  3000 | D:4      | Found a snail-covered altar of Cheibriados.
  3053 | D:4      | Found a staircase to the Ecumenical Temple.
  3063 | Temple   | Entered the Ecumenical Temple
  3340 | D:5      | Entered Level 5 of the Dungeon
  3373 | D:5      | Noticed a black bear
  3374 | D:5      | Noticed an ogre
  3381 | D:5      | Killed a black bear
  3382 | D:5      | Reached skill level 5 in Axes
  3382 | D:5      | Reached XP level 6. HP: 13/48 MP: 6/6
  3382 | D:5      | Slain by an ogre

Illustrated notes

Levels and vault maps discovered:
D:1:      dpeg_arrival_leaves_temple_mockup, layout_rooms
D:2:      layout_loops_ring, hellmonk_ecumenical_altar_the_god_not_taken,
          minmay_pentomino_pile
D:3:      layout_loops_ring, mainiacjoe_overflow_paths
D:4:      layout_basic, kennysheep_mini, minmay_temple_entry_fiery
D:5:      layout_basic, okawaru_metal_pillars_1_2
Temple:   eino_narrow_crystal_temple

Skill      XL: |  1  2  3  4  5 |
---------------+----------------+-----
Axes           | 2 3 4 5 |  5.0
Armour         | 3 |  3.2
Fighting       | |  3.8
Dodging        | |  0.7
Shields        | |  2.8

Action                   |  1- 3 |  4- 6 || total
-------------------------+-------+-------++-------
Melee: War axe           |   100 |    79 ||   179
  Use: Potion            |       |     1 ||     1
Armor: Scale mail        |    52 |    35 ||    87
Dodge: Dodged            |    47 |    35 ||    82
Block: Buckler           |    23 |    27 ||    50

Table legend: (Time is in decaauts)
 A = Elapsed time spent in this place.
 B = Non-inter-level travel time spent in this place.
 C = Inter-level travel time spent in this place.
 D = Time resting spent in this place.
 E = Time spent auto-exploring this place.
 F = Levels seen in this place.
 G = Mean time per level.
                   A        B        C        D        E       F      G
               +--------+--------+--------+--------+--------+-----+--------+
         Total |   3449 |   3047 |    402 |     67 |   2454 |   6 |  574.8 |
       Dungeon |   3217 |   2866 |    351 |     67 |   2281 |   5 |  643.4 |
        Temple |    231 |    180 |     51 |      0 |    173 |   1 |  231.0 |
               +--------+--------+--------+--------+--------+-----+--------+

Top non-repeatable levels by time:
     D:2: 1033 daAuts
     D:3: 841 daAuts
     D:4: 692 daAuts
     D:1: 605 daAuts
  Temple: 231 daAuts
     D:5: 45 daAuts
